 Dungeon Crawl Stone Soup version 0.21-a0-531-gacddea6 (webtiles) character file.

93 Gerstahl the Slasher (level 4, -1/42 HPs)
             Began as a Naga Gladiator on Dec 12, 2017.
             Shot with a stone by a goblin (3 damage)
             ... on level 2 of the Dungeon.
             The game lasted 00:01:18 (983 turns).

Gerstahl the Slasher (Naga Gladiator)                Turns: 983, Time: 00:01:18

Health: -1/42      AC:  3    Str: 17    XL:     4   Next: 62%
Magic:  4/4        EV: 10    Int:  8    God:
Gold:   79         SH:  0    Dex: 13    Spells: 3/3 levels left

rFire    . . .     SeeInvis +   a - +0 long sword
rCold    . . .     Gourm    .   (no shield)
rNeg     . . .     Faith    .   b - +0 leather armour
rPois    +         Spirit   .   c - +0 helmet
rElec    .         Reflect  .   (no cloak)
rCorr    .         Harm     .   (no gloves)
MR       .....                  (no barding)
Stlth    +.........             (no amulet)
HPRegen  0.14/turn              (no ring)
MPRegen  0.09/turn              (no ring)

@: very slow
A: large, see invisible, deformed body, poison resistance, slowness 2, slow
metabolism 1, spit poison 1, AC +1
a: Spit Poison


You were on level 2 of the Dungeon.
You were not hungry.

You visited 1 branch of the dungeon, and saw 2 of its levels.

You collected 79 gold pieces.

Inventory:

Hand Weapons
 a - a +0 long sword (weapon)
Missiles
 d - 3 throwing nets (quivered)
Armour
 b - a +0 leather armour (worn)
 c - a +0 helmet (worn)
Jewellery
 m - an uncursed ring of stealth {unknown}
 s - a cursed ring of teleportation {unknown}
 t - a cursed -3 ring of intelligence {unknown}
Scrolls
 h - a scroll of enchant armour {unknown}
 j - a scroll of magic mapping {unknown}
 k - a scroll of noise {unknown}
 l - 2 scrolls of remove curse {unknown}
 o - 2 scrolls of identify {unknown}
 p - 3 scrolls of teleportation {unknown}
 q - a scroll of amnesia {unknown}
 r - a scroll of enchant weapon {unknown}
Potions
 e - 2 potions of curing {unknown}
 g - 2 potions of lignification {unknown}
 i - a potion of might {unknown}
 n - 3 potions of heal wounds {unknown}
Comestibles
 f - 2 bread rations
 u - a meat ration


   Skills:
 + Level 3.5 Fighting
 + Level 4.2 Long Blades
 - Level 1.7 Throwing
 - Level 2.4 Dodging


You had 3 spell levels left.
You didn't know any spells.

Dungeon Overview and Level Annotations

Branches:
Dungeon (2/15)

Altars:
Makhleb


Innate Abilities, Weirdness & Mutations

You cannot wear boots.
Your serpentine skin is tough. (AC +1)
You have supernaturally acute eyesight. (SInv)
Armour fits poorly on your strangely shaped body.
Your system is resistant to poisons. (rPois)
You cover ground very slowly.
You have a slow metabolism.
You can spit poison.


Message History

The goblin shoots a stone.
The stone hits you but does no damage.
You hit the worm.
The worm is lightly wounded.
The goblin shoots a stone.
The stone misses you. The worm barely misses you.
You hit the worm.
The worm is moderately wounded.
The goblin shoots a stone.
The stone barely misses you.
You hit the worm.
The worm is heavily wounded.
The goblin shoots a stone.
The stone hits you. The worm bites you.
* * * LOW HITPOINT WARNING * * *
You slash the worm!
The worm is almost dead.
The goblin shoots a stone.
The stone hits you.
* * * LOW HITPOINT WARNING * * *
The worm barely misses you.
You hit the worm.
The worm is almost dead.
The goblin shoots a stone.
The stone hits you.
You die...

#...%..#...........##
..#....†.........#
....................#
#######.............#
+.....w.........#
#...##.....†....##
#..####..........# ..
##.#####..##.###.##
##.
#....@w..##...##..#
#..###
#..####.##.....##.#
###.... g..
...#.......#.#
....... #.#.#
###....._.....#
....[.# ...##
##.#.......###
...##.## ...#
#..##.....##
...##..#####..#
#.####...##
.[............###.#
##.###
...###.#........#.#
#.#(#


You could see a worm and a goblin.

Vanquished Creatures
  3 adders (D:2)
  5 dart slugs (D:1)
  A leopard gecko (D:2)
  3 giant cockroaches (D:1)
  9 goblins
  6 hobgoblins
  6 jackals
  A kobold (D:1)
  7 bats
  5 frilled lizards
  7 rats (D:1)
53 creatures vanquished.

Notes
Turn   | Place    | Note
-------+----------+-------------------------------------------
     0 | D:1      | Gerstahl the Naga Gladiator began the quest for the Orb.
     0 | D:1      | Reached XP level 1. HP: 19/19 MP: 1/1
   128 | D:1      | Reached XP level 2. HP: 18/27 MP: 2/2
   347 | D:1      | Reached XP level 3. HP: 31/33 MP: 3/3
   760 | D:2      | Reached skill level 4 in Long Blades
   780 | D:2      | Reached XP level 4. HP: 32/42 MP: 4/4
   926 | D:2      | Found a burning altar of Makhleb.
   982 | D:2      | HP: 2/42 [goblin/stone (6)]
   983 | D:2      | Shot with a stone by a goblin

Vault maps used:
D:1:      minmay_arrival_widening_spiral_wide, minmay_octomino_j4
D:2:      lemuel_round_altar, first_bread, minmay_misc_feat_encased,
          minmay_strange_pillars, grunt_ministairs_1, corexii_shack

Skill      XL: |  1  2  3 |
---------------+----------+-----
Fighting       | 3 |  3.5
Long Blades    | 4 |  4.2
Throwing       | |  1.7
Dodging        | |  2.4

Action                   |  1- 3 |  4- 6 || total
-------------------------+-------+-------++-------
Melee: Long sword        |    90 |    31 ||   121
Armor: Leather armour    |    34 |    15 ||    49
Dodge: Dodged            |    76 |    23 ||    99
       Rpst.: Long sword |    25 |     5 ||    30

Table legend:
 A = Spawn XP
 B = Non-spawn XP
 C = Spawn XP percentage of total XP
 D = Spawn monster count
 E = Non-spawn monster count
 F = Spawn count percentage of total count
 G = Total turns spent on level
                    A         B        C        D         E        F      G
               +---------+---------+-------+---------+---------+-------+---------
         Total |       0 |     134 |   0.0 |       0 |      53 |   0.0 |   983
               +---------+---------+-------+---------+---------+-------+---------
           D:1 |       0 |      68 |   0.0 |       0 |      35 |   0.0 |   711
           D:2 |       0 |      66 |   0.0 |       0 |      18 |   0.0 |   272
               +---------+---------+-------+---------+---------+-------+---------
